 Dungeon Crawl Stone Soup version 0.30.1-11-g7821555f0a (webtiles) character file.

Game seed: 9190521335726331547

1 comborobin the Sneak (level 1, -4/18 HPs)
             Began as a Demigod Delver on Dec 16, 2023.
             Slain by a hornet zombie (5 damage)
             ... in an ossuary.
             The game lasted 00:00:35 (162 turns).

comborobin the Sneak (Demigod Delver)                Turns: 162, Time: 00:00:36

Health: -4/18      AC:  5    Str: 13    XL:     1   Next: 13%
Magic:  3/3        EV: 10    Int: 12    God:
Gold:   0          SH:  0    Dex: 15    Spells: 0/0 levels left

rFire   . . .        a - +0 mace
rCold   . . .        (no shield)
rNeg    + . .        h - +0 ring mail
rPois   .            (no helmet)
rElec   .            (no cloak)
rCorr   .            (no gloves)
SInv    .            (no boots)
Will    .....        (no amulet)
Stlth   ++           i - ring of positive energy
HPRegen 0.23/turn    (no ring)
MPRegen 0.08/turn

%: no passive effects
@: hasted, very quick
A: high MP 1, forlorn, divine attributes
a: no special abilities


You were in an ossuary.
You visited 1 branch of the dungeon, and saw 3 of its levels.
You also visited: Ossuary.

Inventory:

Hand Weapons
 a - a +0 mace (weapon)
Armour
 b - a +0 leather armour
 h - a +0 ring mail (worn)
Jewellery
 i - a ring of positive energy (left hand)
Wands
 g - a wand of digging (3)
Scrolls
 c - a scroll of fog
 e - a scroll of fear


   Skills:
 - Level 2.6 Fighting
 + Level 1.9 Maces & Flails
 - Level 1.7 Dodging
 - Level 4.5 Stealth


You couldn't memorise any spells.
You didn't know any spells.
Your spell library was empty.

Dungeon Overview and Level Annotations

Branches:
Dungeon (6/15)            Ossuary (1/1)
 Temple: D:4-7


Innate Abilities, Weirdness & Mutations

You have an increased reservoir of magic. (+10% MP)
You shall have no god before yourself.
Your divine heritage dramatically boosts your attributes as you level up.


Message History

No target in view!
No target in view!
The helpless quokka zombie fails to defend itself.
You thump the quokka zombie!
You destroy the quokka zombie!
No target in view!
No target in view!
There is a sand-covered staircase here.
The world spins around you as you enter the gateway.
You enter an ossuary!
Found a gate leading back out of this place.
There is an empty arch of ancient stone here.
It was a potion of magic.
Magic courses through your body.
You open the door.
A bog mummy comes into view.
You start waiting.
A hornet zombie comes into view.
You strike the helpless hornet zombie from behind!
You hit the hornet zombie.
The hornet zombie is lightly damaged.
The hornet zombie barely misses you.
You hit the hornet zombie.
The hornet zombie is lightly damaged.
The hornet zombie closely misses you. x2
You close the door.
The hornet zombie barely misses you.
You hit the hornet zombie.
The hornet zombie is lightly damaged.
The hornet zombie hits you! The hornet zombie hits you.
You are too injured to fight recklessly!
You are too injured to fight recklessly!
You feel yourself speed up. The hornet zombie hits you.
* * * LOW HITPOINT WARNING * * *
You hit the hornet zombie.
The hornet zombie is moderately damaged.
The hornet zombie hits you.
* * * LOW HITPOINT WARNING * * *
You thump the hornet zombie!
The hornet zombie is heavily damaged.
The hornet zombie hits you.
You die...

# #M ###~
#####
#~.~~#@..#
#~+.Z.#
#P~~#..∩#
##~~#####
#P. ≈~##
#≈≈ ≈#


You could see a hornet zombie.

Vanquished Creatures
  A quokka zombie (D:4)
  A rat zombie (D:4)
2 creatures vanquished.

Notes
Turn   | Place    | Note
-------+----------+-------------------------------------------
     0 | D:5      | comborobin the Demigod Delver began the quest for the Orb.
     0 | D:5      | Reached XP level 1. HP: 18/18 MP: 3/3
    55 | D:4      | Found a sand-covered staircase.
    85 | Ossuary  | Entered an ossuary
    88 | Ossuary  | Noticed a bog mummy
   152 | Ossuary  | Noticed a hornet zombie
   162 | Ossuary  | Slain by a hornet zombie

Illustrated notes

Levels and vault maps discovered:
D:4:      layout_loops_ring, enter_ossuary_4, uniq_duvessa
D:5:      layout_basic
D:6:      layout_cave_pods, minmay_temple_entry_grid
Ossuary:  ossuary_zaba_flooded

Action                     || total
---------------------------++-------
  Melee: Mace              ||     7
    Use: Potion            ||     2
         Scroll            ||     1
   Stab: Distracted        ||     1
         Sleeping          ||     1
  Dodge: Dodged            ||     5
